 Dungeon Crawl Stone Soup version 0.20-a0-1040-gfd09691 (webtiles) character file.

238 M4edhros the Conjurer (level 5, -4/42 HPs)
             Began as a Deep Dwarf Wizard on Apr 23, 2017.
             Was an Initiate of Makhleb.
             Slain by a gnoll
             ... wielding a +0 halberd
              (12 damage)
             ... on level 4 of the Dungeon on Apr 24, 2017.
             The game lasted 00:14:50 (2122 turns).

M4edhros the Conjurer (Deep Dwarf Wizard)           Turns: 2122, Time: 00:14:51

Health: -4/42      AC:  3    Str: 11    XL:     5   Next: 78%
Magic:  7/7        EV: 12    Int: 18    God:    Makhleb [......]
Gold:   108        SH:  0    Dex: 10    Spells: 5/11 levels left

rFire    . . .     SeeInvis .   h - +1 short sword (speed)
rCold    . . .     Gourm    .   (no shield)
rNeg     . . .     Faith    .   a - +0 robe
rPois    +         Spirit   .   b - +1 hat
rElec    .         Reflect  .   (no cloak)
rCorr    .         Harm     .   (no gloves)
MR       .....                  (no boots)
Stlth    +++.......             (no amulet)
Regen    0.0/turn               i - ring of stealth
MPRegen  0.1/turn               n - ring of poison resistance

@: non-regenerating
A: damage resistance, heal wounds, talons 1, blurry vision 1, clumsy 1, sense
surroundings 1, sturdy frame 1, no regeneration
a: Heal Wounds, Renounce Religion


You were on level 4 of the Dungeon.
You worshipped Makhleb.
Makhleb was noncommittal.
You were not hungry.

You visited 2 branches of the dungeon, and saw 6 of its levels.

You collected 108 gold pieces.

Inventory:

Hand Weapons
 h - a +1 short sword of speed (weapon)
Armour
 a - a +0 robe (worn)
 b - a +1 hat (worn)
Jewellery
 i - a ring of stealth (left hand)
 n - a ring of poison resistance (right hand)
Scrolls
 e - 2 scrolls of immolation
 f - 2 scrolls of remove curse
 o - a scroll of identify
Potions
 g - a potion of flight
 l - 2 potions of brilliance
 p - a potion of might {unknown}
Books
 c - a book of Minor Magic

   Spells                             Type                      Level
   a - Magic Dart                     Conjuration                  1
   b - Blink                          Translocation                2
   c - Call Imp                       Summoning                    2
   d - Slow                           Hexes                        2
   e - Conjure Flame                  Conjuration/Fire             3
   f - Mephitic Cloud                 Conjuration/Poison/Air       3
Comestibles
 d - 2 bread rations
 j - 3 chunks of flesh
 k - 3 royal jellies
 m - 3 fruits


   Skills:
 - Level 2.1 Dodging
 - Level 2.4 Stealth
 + Level 3.7 Spellcasting
 * Level 4.4 Conjurations
   Level 0.8 Summonings
 - Level 1.1 Translocations


You had 5 spell levels left.
You knew the following spells:

 Your Spells              Type           Power        Failure   Level  Hunger
a - Magic Dart            Conj           ###.         2%          1    None
b - Mephitic Cloud        Conj/Pois/Air  #.......     24%         3    ###....
c - Blink                 Tloc           N/A          14%         2    ##.....


Dungeon Overview and Level Annotations

Branches:
Dungeon (5/15)             Temple (1/1) D:4

Altars:
Elyvilon
Gozag
Hepliaklqana
Kikubaaqudgha
Makhleb
Okawaru
Qazlal
Ru
Sif Muna
Trog
Uskayaw
Wu Jian
Xom
Yredelemnul
Zin


Innate Abilities, Weirdness & Mutations

You are resistant to damage.
You can heal yourself by infusing magical energy.
You passively map a small area around you.
You do not regenerate.
You have sharp toenails.
Scrolls take you a little longer to read.
You are clumsy. (Dex -2)
Your movements are slightly less encumbered by armour. (ER -2)


Message History

You hit the ball python.
You kill the ball python!
Makhleb accepts your kill.
Some of the chunks of flesh in your inventory have rotted away.
An adder comes into view.
You see here a white potion.
p - a white potion The hippogriff closely misses you.
The hippogriff pecks you but does no damage.
The hippogriff closely misses you.
There is a stone staircase leading up here.
You see here a royal jelly.
You see here 10 gold pieces.
The adder hisses angrily.
There is a stone staircase leading down here.
You climb downwards.
The gnoll hits you with a halberd!
* * * LOW HITPOINT WARNING * * *
There is a stone staircase leading up, spattered with blood here.
You barely miss the gnoll. The gnoll hits you with a halberd!
You die...

.................#
,.....#..⌠...⌠..###
###.##.........##. *
#.......>.......#
##..#.........#..#
#...#..⌠...⌠..###.
#......g.....$.... ,
#g..#.........#... ,
,
,#@..##.##.##.##...
, *
#.......#..#......
,, *
,.........##?.......
, ...#.......#
###.....
##..#.......# #.....
#..,######### #<...
, , .... #)#.. ...
#>### , ,##* ##.# #


You could see a gnoll.

Vanquished Creatures
  An orc wizard (D:5)
  A gnoll shaman (D:5)
  An iguana (D:4)
  A worker ant (D:4)
  A gnoll (Temple)
  5 adders
  2 oozes
  A leopard gecko (D:1)
  7 orcs
  3 bats
  A giant cockroach (D:3)
  4 goblins
  4 hobgoblins
  7 jackals
  A quokka (D:2)
  A ball python (D:3)
  7 frilled lizards
  4 kobolds
  2 leopard gecko skeletons (D:4)
  10 rats
64 creatures vanquished.

Notes
Turn   | Place    | Note
-------+----------+-------------------------------------------
     0 | D:1      | M4edhros the Deep Dwarf Wizard began the quest for the Orb.
     0 | D:1      | Reached XP level 1. HP: 15/15 MP: 4/4
    25 | D:1      | Reached skill level 1 in Conjurations
   147 | D:1      | Reached XP level 2. HP: 14/22 MP: 1/5
   421 | D:1      | Gained mutation: You are clumsy. (Dex -2) [potion of mutation]
   421 | D:1      | Gained mutation: You have sharp toenails. [potion of mutation]
   421 | D:1      | Gained mutation: Scrolls take you a little longer to read. [potion of mutation]
   421 | D:1      | Gained mutation: Your movements are slightly less encumbered by armour. (ER -2) [potion of mutation]
   424 | D:1      | Reached skill level 2 in Conjurations
   452 | D:1      | HP: 1/22 [leopard gecko (3)]
   752 | D:1      | Reached XP level 3. HP: 12/28 MP: 0/7
   822 | D:2      | Learned a level 3 spell: Mephitic Cloud
   825 | D:2      | Learned a level 2 spell: Blink
   979 | D:2      | Reached skill level 3 in Conjurations
  1257 | D:2      | Found a hazy altar of Hepliaklqana.
  1343 | D:2      | Reached XP level 4. HP: 22/36 MP: 0/8
  1561 | D:5      | Entered Level 5 of the Dungeon
  1565 | D:5      | HP: 1/36 [gnoll shaman/club (4)]
  1575 | D:5      | Reached XP level 5. HP: 6/42 MP: 3/10
  1649 | D:5      | Reached skill level 4 in Conjurations
  1835 | D:4      | Found a staircase to the Ecumenical Temple.
  1841 | D:4      | Noticed a hippogriff
  1844 | Temple   | Entered the Ecumenical Temple
  1885 | Temple   | Became a worshipper of Makhleb the Destroyer
  2122 | D:4      | Slain by a gnoll

Vault maps used:
D:1:      roderic_crop_circles_arrival_small
D:2:      cheibrodos_helix_gallery, marbit_many_paths, minmay_pentomino_o2
D:3:      nemelex_xobeh_ov_fountains_minmay
D:4:      lemuel_doored_altar, minmay_temple_entry_large_hall
D:5:      nicolae_ossuary_entry_monument, first_bread, uniq_pikel,
          uniq_prince_ribbit1
Temple:   nicolae_temple_x_marks_the_god

Skill      XL: |  1  2  3  4  5 |
---------------+----------------+-----
Conjurations   | 1 2 3 4 |  4.4
Spellcasting   | 3 |  3.7
Dodging        | |  2.1
Stealth        | |  2.4
Summonings     | |  0.8
Translocations | |  1.1

Action                   |  1- 3 |  4- 6 || total
-------------------------+-------+-------++-------
Melee: Unarmed           |    68 |       ||    68
       Kick              |     6 |    28 ||    34
       Short sword       |       |   147 ||   147
 Cast: Magic Dart        |    98 |    23 ||   121
       Mephitic Cloud    |     1 |     4 ||     5
       Blink             |     1 |     4 ||     5
 Abil: Heal Wounds       |     3 |     6 ||     9
  Use: Scroll            |     6 |       ||     6
       Potion            |     3 |     1 ||     4
 Stab: Sleeping          |     1 |     1 ||     2
       Confused          |       |     1 ||     1
  Eat: Chunk             |     1 |     4 ||     5
Armor: Robe              |    32 |    12 ||    44
Dodge: Dodged            |   147 |    75 ||   222
